 Dungeon Crawl Stone Soup version 0.26-a0-597-gb535b0901c (webtiles) character file.

Game seed: 17024480396913429273

356 vurker the Skirmisher (level 6, -1/44 HPs)
             Began as a Kobold Delver on Sept 11, 2020.
             Slain by a worm (6 damage)
             ... on level 5 of the Dungeon.
             The game lasted 00:04:04 (4147 turns).

vurker the Skirmisher (Kobold Delver)               Turns: 4147, Time: 00:04:05

Health: -1/44      AC:  4    Str: 11    XL:     6   Next: 96%
Magic:  6/6        EV: 12    Int: 11    God:
Gold:   208        SH:  7    Dex: 17    Spells: 5/5 levels left

rFire    . . .     SeeInvis .   a - +0 short sword
rCold    . . .     Faith    .   w - +0 kite shield
rNeg     . . .     Spirit   .   b - +0 leather armour
rPois    .         Reflect  .   (no helmet)
rElec    .         Harm     .   (no cloak)
rCorr    .                      m - +0 pair of gloves
MR       .....                  (no boots)
Stlth    ++++......             j - amulet of regeneration
HPRegen  0.54/turn              (no ring)
MPRegen  0.10/turn              (no ring)

@: no status effects
A: small, nightstalker 3
a: no special abilities


You were on level 5 of the Dungeon.
You visited 1 branch of the dungeon, and saw 5 of its levels.

You collected 208 gold pieces.

Inventory:

Hand Weapons
 a - a +0 short sword (weapon)
Armour
 b - a +0 leather armour (worn)
 m - a +0 pair of gloves (worn)
   (You found it on level 2 of the Dungeon)
 w - a +0 kite shield (worn)
   (You found it on level 3 of the Dungeon)
Jewellery
 j - an amulet of regeneration (around neck)
   (You found it on level 3 of the Dungeon)
Wands
 v - a wand of digging (3)
 x - a wand of polymorph (10)
   (You found it on level 4 of the Dungeon)
Scrolls
 c - 2 scrolls of fog
 d - a scroll of magic mapping
 e - 2 scrolls of fear
 h - a scroll of vulnerability {unknown}
 k - 4 scrolls of identify {unknown}
 n - 4 scrolls of teleportation {unknown}
 s - 2 scrolls of blinking {unknown}
 t - a scroll of enchant armour {unknown}
 u - 4 scrolls of remove curse {unknown}
Potions
 f - 2 potions of haste
 g - a potion of flight {unknown}
 i - 2 potions of curing {unknown}
 l - a potion of degeneration {unknown}
 o - a potion of heal wounds {unknown}
 p - a potion of stabbing {unknown}
 q - 2 potions of lignification {unknown}
 r - a potion of brilliance {unknown}


   Skills:
 + Level 7.1 Fighting
 - Level 5.0 Short Blades
 - Level 2.4 Dodging
 - Level 6.6 Stealth


You had 5 spell levels left.
You didn't know any spells.
Your spell library was empty.

Dungeon Overview and Level Annotations

Branches:
Dungeon (5/15)
 Temple: D:4-7

Altars:
Ashenzari
Vehumet
Wu Jian


Innate Abilities, Weirdness & Mutations

You are small and have problems with some larger weapons.
You are completely attuned to the shadows.


Message History

Your Fighting skill increases to level 7!
The helpless gnoll fails to defend itself.
You impale the gnoll!!
You kill the gnoll!
You see here a worker ant corpse.
The helpless gnoll fails to defend itself.
You impale the gnoll!!
You kill the gnoll!
The gnoll shouts!
You completely miss the worm. The worm bites you but does no damage.
You hit the worm. The gnoll hits you but does no damage.
A gnoll comes into view.
A worker ant comes into view.
You completely miss the worm. The gnoll closely misses you. The worm bites you!
You hit the worker ant.
The gnoll hits you from afar with a +0 spear.
The worker ant bites you.
You hit the worker ant. You block the gnoll's attack.
The worker ant closely misses you. The worm closely misses you.
You closely miss the worker ant. The gnoll misses you. The gnoll hits you.
You block the worker ant's attack. The worm barely misses you.
You completely miss the worker ant. The worker ant bites you.
* * * LOW HITPOINT WARNING * * *
The gnoll hits you from afar with a +0 spear.
* * * LOW HITPOINT WARNING * * *
The gnoll misses you.
You hit the worker ant. The worker ant bites you.
* * * LOW HITPOINT WARNING * * *
The gnoll hits you from afar with a +0 spear.
* * * LOW HITPOINT WARNING * * *
You block the gnoll's attack. The worm misses you.
You closely miss the worker ant. The worker ant closely misses you.
The gnoll hits you but does no damage. The gnoll barely misses you.
You closely miss the worker ant. You block the worker ant's attack.
The gnoll hits you from afar with a +0 spear.
* * * LOW HITPOINT WARNING * * *
You block the gnoll's attack. The worm barely misses you.
You block the worker ant's attack.
Unknown command.
You hit the worker ant but do no damage.
The gnoll hits you from afar with a +0 spear.
* * * LOW HITPOINT WARNING * * *
The gnoll hits you.
* * * LOW HITPOINT WARNING * * *
The worker ant barely misses you. You block the worker ant's attack.
You hit the worker ant. You block the worker ant's attack.
The gnoll hits you from afar with a +0 spear.
* * * LOW HITPOINT WARNING * * *
The worm bites you.
You die...

# .# .. .#
##.###.##
#...@ag.##
###..##wg...
.....##...##
..........#
.##.##...#
.#...#...#
....#.....#
.##...###.##
##.......#


You could see a worm, a worker ant and 2 gnolls.

Vanquished Creatures
  A hound (D:4)
  A bullfrog skeleton (D:4)
  An iguana (D:4)
  2 worker ants
  9 adders
  2 gnolls (D:5)
  A white imp (D:5)
  An ufetubus (D:5)
  An ooze (D:1)
  An adder skeleton (D:4)
  A worm (D:3)
  A dart slug (D:4)
  5 leopard geckos
  6 orcs
  10 bats
  A giant cockroach (D:1)
  9 hobgoblins
  11 jackals
  3 kobolds
  6 quokkas
  13 frilled lizards
  9 goblins
  A leopard gecko skeleton (D:4)
  6 rats
102 creatures vanquished.

Notes
Turn   | Place    | Note
-------+----------+-------------------------------------------
     0 | D:5      | vurker the Kobold Delver began the quest for the Orb.
     0 | D:5      | Reached XP level 1. HP: 14/14 MP: 1/1
   357 | D:5      | Reached XP level 2. HP: 19/19 MP: 2/2
   414 | D:4      | Reached XP level 3. HP: 9/24 MP: 3/3
   745 | D:4      | Reached XP level 4. HP: 26/29 MP: 4/4
   837 | D:3      | Reached skill level 4 in Fighting
  1251 | D:2      | Reached skill level 5 in Short Blades
  1614 | D:1      | Reached XP level 5. HP: 31/34 MP: 5/5
  2050 | D:2      | Reached skill level 5 in Fighting
  2669 | D:3      | Found an ornate altar of the Wu Jian Council.
  2669 | D:3      | Found a radiant altar of Vehumet.
  2938 | D:3      | Reached XP level 6. HP: 41/41 MP: 6/6
  3332 | D:4      | Reached skill level 6 in Fighting
  4077 | D:5      | Found a shattered altar of Ashenzari.
  4131 | D:5      | Reached skill level 7 in Fighting
  4147 | D:5      | Slain by a worm

Illustrated notes

Levels and vault maps discovered:
D:1:      minmay_arrival_up_and_down, layout_rooms
D:2:      layout_basic, kennysheep_generic_room_14
D:3:      layout_basic, chequers_temple_overflow_statue_of_worship,
          minmay_pentangle
D:4:      layout_loops_corners
D:5:      minmay_angry_zag, layout_loops_ring, ashenzari_altar_1, basic_altar,
          serial_shops, nicolae_shop_overgrown_old_shop

Skill      XL: |  1  2  3  4  5  6 |
---------------+-------------------+-----
Short Blades   | 3 4 5 |  5.0
Fighting       | 4 5 7 |  7.1
Dodging        | |  2.4
Stealth        | |  6.6

Action                   |  1- 3 |  4- 6 || total
-------------------------+-------+-------++-------
Melee: Short sword       |    40 |   324 ||   364
 Stab: Sleeping          |     1 |    39 ||    40
Armor: Leather armour    |     5 |    62 ||    67
Dodge: Dodged            |    36 |   237 ||   273
Block: Kite shield       |       |    33 ||    33

Table legend: (Time is in decaauts)
 A = Elapsed time spent in this place.
 B = Non-inter-level travel time spent in this place.
 C = Inter-level travel time spent in this place.
 D = Time resting spent in this place.
 E = Time spent auto-exploring this place.
 F = Levels seen in this place.
 G = Mean time per level.
                   A        B        C        D        E       F      G
               +--------+--------+--------+--------+--------+-----+--------+
         Total |   4104 |   3824 |    280 |      0 |   3084 |   5 |  820.8 |
       Dungeon |   4104 |   3824 |    280 |      0 |   3084 |   5 |  820.8 |
               +--------+--------+--------+--------+--------+-----+--------+

Top non-repeatable levels by time:
     D:4: 1323 daAuts
     D:3: 1114 daAuts
     D:2: 741 daAuts
     D:1: 477 daAuts
     D:5: 448 daAuts
